 Dungeon Crawl Stone Soup version 0.25-a0-1079-g858b6a6ff6 (webtiles) character file.

Game seed: 10154361145688843567, levelgen mode: deterministic

98 Flugslaktarn the Shield-Bearer (level 4, -2/41 HPs)
             Began as a Gnoll Fighter on May 15, 2020.
             Slain by a gnoll
             ... wielding a +0 club
              (7 damage)
             ... on level 1 of the Dungeon.
             The game lasted 00:00:28 (611 turns).

Flugslaktarn the Shield-Bearer (Gnoll Fighter)       Turns: 611, Time: 00:00:28

Health: -2/41      AC:  7    Str: 20    XL:     4   Next: 69%
Magic:  5/5        EV:  8    Int: 10    God:
Gold:   38         SH: 11    Dex: 14    Spells: 5/5 levels left

rFire    . . .     SeeInvis .   a - +0 war axe
rCold    . . .     Gourm    .   c - +0 kite shield
rNeg     . . .     Faith    .   b - +0 scale mail
rPois    .         Spirit   .   (no helmet)
rElec    .         Reflect  .   (no cloak)
rCorr    .         Harm     .   (no gloves)
MR       .....                  (no boots)
Stlth    ..........             (no amulet)
HPRegen  0.13/turn              (no ring)
MPRegen  0.09/turn              (no ring)

@: mighty
A: distributed training, fangs 1, strong nose
a: no special abilities


You were on level 1 of the Dungeon.
You were not hungry.

You visited 1 branch of the dungeon, and saw 2 of its levels.

You collected 38 gold pieces.

Inventory:

Hand Weapons
 a - a +0 war axe (weapon)
Armour
 b - a +0 scale mail (worn)
 c - a +0 kite shield (worn)
Potions
 g - a potion of stabbing {unknown}
Comestibles
 e - 2 rations


   Skills:
 + Level 6.6 Fighting
 + Level 1.2 Short Blades
 + Level 1.2 Long Blades
 + Level 4.6 Axes
 + Level 1.2 Maces & Flails
 + Level 1.2 Polearms
 + Level 1.2 Staves
 + Level 1.2 Slings
 + Level 1.2 Bows
 + Level 1.2 Crossbows
 + Level 1.2 Throwing
 + Level 6.6 Armour
 + Level 1.2 Dodging
 + Level 1.2 Stealth
 + Level 6.6 Shields
 + Level 1.2 Unarmed Combat
 + Level 1.2 Spellcasting
 + Level 1.0 Conjurations
 + Level 1.0 Hexes
 + Level 1.0 Charms
 + Level 1.0 Summonings
 + Level 1.0 Necromancy
 + Level 1.0 Translocations
 + Level 1.0 Transmutations
 + Level 1.0 Fire Magic
 + Level 1.0 Ice Magic
 + Level 1.0 Air Magic
 + Level 1.0 Earth Magic
 + Level 1.0 Poison Magic
 + Level 1.3 Invocations
 + Level 1.2 Evocations


You had 5 spell levels left.
You didn't know any spells.
Your spell library was empty.

Dungeon Overview and Level Annotations

Branches:
Dungeon (2/15)

Altars:


Innate Abilities, Weirdness & Mutations

Your experience applies equally to all skills.
You have very sharp teeth.
Your uncanny sense of smell can sniff out nearby items.


Message History

You are too injured to fight recklessly!
You are too injured to fight recklessly!
You are too injured to fight recklessly!
You are too injured to fight recklessly!
You are too injured to fight recklessly!
You are too injured to fight recklessly!
You are too injured to fight recklessly!
You are too injured to fight recklessly!
You are too injured to fight recklessly!
You are too injured to fight recklessly!
You are too injured to fight recklessly!
Unknown command.
There is an escape hatch in the floor here.
There is a stone staircase leading up here.
You climb upwards.
There is a stone staircase leading down here.
Unknown command.
You feel very mighty all of a sudden. The gnoll hits you with a +0 club!
You die...

..##.##.## #.# #####'##...#
.....##..# #.# ######(##...#
..#..###.## #.####...#.......#
..##.###..### #....#...#.......#
#..(........####....#.8.#.......#
####....#.....##....#...'.......#
#(##.####........#...#.......#
#(##...##.###....#####.......#
#(####..#....@...#..........##
#.# ##.......g..#.........##
#)#.....[.......)........###
#.....#.........)........#
..#.#......#######.......#
......####.# ######..# ...####
#.# ##..# .#.# #.# #..# ###.# .#
#.#


You could see a gnoll.

Vanquished Creatures
  A hound (D:2)
  2 gnolls (D:2)
  2 adders (D:2)
  2 worms (D:2)
  A dart slug (D:1)
  2 bats
  5 goblins
  2 hobgoblins
  5 frilled lizards
  3 kobolds
  A rat (D:1)
26 creatures vanquished.

Notes
Turn   | Place    | Note
-------+----------+-------------------------------------------
     0 | D:1      | Flugslaktarn the Gnoll Fighter began the quest for the Orb.
     0 | D:1      | Reached XP level 1. HP: 23/23 MP: 1/1
    64 | D:1      | Reached XP level 2. HP: 29/29 MP: 2/2
   168 | D:2      | Reached XP level 3. HP: 30/35 MP: 3/3
   256 | D:2      | Reached skill level 1 in Short Blades
   256 | D:2      | Reached skill level 1 in Long Blades
   256 | D:2      | Reached skill level 1 in Maces & Flails
   256 | D:2      | Reached skill level 1 in Polearms
   256 | D:2      | Reached skill level 1 in Staves
   256 | D:2      | Reached skill level 1 in Slings
   256 | D:2      | Reached skill level 1 in Bows
   256 | D:2      | Reached skill level 1 in Crossbows
   256 | D:2      | Reached skill level 1 in Throwing
   256 | D:2      | Reached skill level 1 in Dodging
   256 | D:2      | Reached skill level 1 in Stealth
   256 | D:2      | Reached skill level 1 in Unarmed Combat
   256 | D:2      | Reached skill level 1 in Spellcasting
   256 | D:2      | Reached skill level 1 in Invocations
   256 | D:2      | Reached skill level 1 in Evocations
   256 | D:2      | Reached XP level 4. HP: 31/41 MP: 5/5
   581 | D:2      | Reached skill level 1 in Conjurations
   581 | D:2      | Reached skill level 1 in Hexes
   581 | D:2      | Reached skill level 1 in Charms
   581 | D:2      | Reached skill level 1 in Summonings
   581 | D:2      | Reached skill level 1 in Necromancy
   581 | D:2      | Reached skill level 1 in Translocations
   581 | D:2      | Reached skill level 1 in Transmutations
   581 | D:2      | Reached skill level 1 in Fire Magic
   581 | D:2      | Reached skill level 1 in Ice Magic
   581 | D:2      | Reached skill level 1 in Air Magic
   581 | D:2      | Reached skill level 1 in Earth Magic
   581 | D:2      | Reached skill level 1 in Poison Magic
   583 | D:2      | HP: 2/41 [gnoll/+0 halberd (15)]
   611 | D:1      | Slain by a gnoll

Illustrated notes

Levels and vault maps discovered:
D:1:      dpeg_arrival_rooms_b, layout_rooms, minmay_lizard_king
D:2:      layout_loops_ring, lightli_corner_chamber

Skill      XL: |  1  2  3  4 |
---------------+-------------+-----
Short Blades   | 1 |  1.2
Long Blades    | 1 |  1.2
Maces & Flails | 1 |  1.2
Polearms       | 1 |  1.2
Staves         | 1 |  1.2
Slings         | 1 |  1.2
Bows           | 1 |  1.2
Crossbows      | 1 |  1.2
Throwing       | 1 |  1.2
Dodging        | 1 |  1.2
Stealth        | 1 |  1.2
Unarmed Combat | 1 |  1.2
Spellcasting   | 1 |  1.2
Invocations    | 1 |  1.3
Evocations     | 1 |  1.2
Conjurations   | 1 |  1.0
Hexes          | 1 |  1.0
Charms         | 1 |  1.0
Summonings     | 1 |  1.0
Necromancy     | 1 |  1.0
Translocations | 1 |  1.0
Transmutations | 1 |  1.0
Fire Magic     | 1 |  1.0
Ice Magic      | 1 |  1.0
Air Magic      | 1 |  1.0
Earth Magic    | 1 |  1.0
Poison Magic   | 1 |  1.0
Fighting       | |  6.6
Axes           | |  4.6
Armour         | |  6.6
Shields        | |  6.6

Action                   |  1- 3 |  4- 6 || total
-------------------------+-------+-------++-------
Melee: War axe           |    36 |    35 ||    71
       Bite              |     3 |     5 ||     8
  Use: Potion            |       |     1 ||     1
Armor: Scale mail        |    26 |     5 ||    31
Dodge: Dodged            |    20 |     7 ||    27
Block: Kite shield       |    25 |    16 ||    41

Table legend:
 A = Non-vault XP
 B = Vault XP
 C = Vault XP percentage of total XP
 D = Non-vault monster count
 E = Vault monster count
 F = Vault count percentage of total count
                 A         B        C        D         E       F
            +---------+---------+-------+---------+---------+-------
      Total |     138 |       2 |   1.4 |      24 |       2 |   7.7
            +---------+---------+-------+---------+---------+-------
        D:1 |      17 |       2 |  10.5 |       9 |       2 |  18.2
        D:2 |     121 |       0 |   0.0 |      15 |       0 |   0.0
            +---------+---------+-------+---------+---------+-------
